 Dungeon Crawl Stone Soup version 0.27-a0-1180-g7fc4abc71e (webtiles) character file.

Game seed: 789623532739786535

131 Glokmah the Chiller (level 4, -2/33 HPs)
             Began as a Demonspawn Ice Elementalist on May 17, 2021.
             Was a Follower of Jiyva.
             Slain by a water moccasin skeleton (6 damage)
             ... on level 2 of the Dungeon.
             The game lasted 00:05:12 (2511 turns).

Glokmah the Chiller (Demonspawn Ice Elementalist)   Turns: 2511, Time: 00:05:13

Health: -2/33      AC:  3    Str:  9    XL:     4   Next: 91%
Magic:  5/8        EV: 11    Int: 17    God:    Jiyva [*.....]
Gold:   72         SH:  0    Dex: 13    Spells: 1/8 levels left

rFire    . . .     SeeInvis .   g - +2 dagger (venom)
rCold    . . .     Faith    .   (no shield)
rNeg     . . .     Spirit   .   h - +0 leather armour
rPois    .         Reflect  .   (helmet restricted)
rElec    .         Harm     .   (no cloak)
rCorr    .         Rampage  .   (no gloves)
Will     .....                  (no boots)
Stlth    ++........             (no amulet)
HPRegen  0.11/turn              (no ring)
MPRegen  0.11/turn              (no ring)

@: no status effects
A: antennae 1
a: Renounce Religion, Request Jelly


You were on level 2 of the Dungeon.
You worshipped Jiyva.
Jiyva was aware of your devotion.
You visited 1 branch of the dungeon, and saw 2 of its levels.

You collected 72 gold pieces.

Inventory:

Hand Weapons
 g - a +2 dagger of venom (weapon)
Missiles
 c - 97 stones
 d - 44 poisoned darts (quivered)
Armour
 h - a +0 leather armour (worn)
 n - a +0 kite shield
Scrolls
 a - a scroll of torment {unknown}
 b - 2 scrolls of identify {unknown}
 f - a scroll of silence {unknown}
 i - a scroll of fear {unknown}
 j - a scroll of fog {unknown}
 k - 2 scrolls of teleportation {unknown}
 l - a scroll of immolation {unknown}
 m - a scroll of enchant weapon {unknown}
Potions
 e - a potion of flight {unknown}
 o - a potion of cancellation {unknown}


   Skills:
 + Level 2.1 Fighting
 - Level 1.7 Dodging
 - Level 1.7 Stealth
 + Level 2.9 Spellcasting
 * Level 4.8 Ice Magic


You had one spell level left.
You knew the following spells:

 Your Spells              Type           Power      Damage    Failure   Level
a - Freeze                Ice            72%        1d9       3%          1
b - Frozen Ramparts       Ice            36%        1d5       11%         3
c - Ozocubu's Armour      Ice            18%        N/A       11%         3

Your spell library contained the following spells:

 Spells                   Type           Power      Damage    Failure   Level
 Hailstorm                Conj/Ice       10%        3d5       67%         4
 Metabolic Englaciation   Hex/Ice        5%         N/A       95%         5


Dungeon Overview and Level Annotations

Branches:
Dungeon (2/15)

Altars:
Jiyva


Innate Abilities, Weirdness & Mutations

You have a pair of small antennae on your head.


Message History

The water moccasin skeleton is moderately damaged.
The frozen ramparts melt away.
The water moccasin skeleton closely misses you.
You hit the water moccasin skeleton.
The water moccasin skeleton is heavily damaged.
The water moccasin skeleton barely misses you. x2
You hit the water moccasin skeleton.
The water moccasin skeleton is heavily damaged.
The water moccasin skeleton barely misses you.
You barely miss the water moccasin skeleton.
The water moccasin skeleton is heavily damaged.
The water moccasin skeleton barely misses you.
You hit the water moccasin skeleton.
The water moccasin skeleton is heavily damaged.
The water moccasin skeleton bites you.
You closely miss the water moccasin skeleton.
The water moccasin skeleton is heavily damaged.
The water moccasin skeleton closely misses you.
You hit the water moccasin skeleton.
The water moccasin skeleton is severely damaged.
The water moccasin skeleton bites you!
The water moccasin skeleton closely misses you.
You hit the water moccasin skeleton.
The water moccasin skeleton is severely damaged.
The water moccasin skeleton bites you.
You barely miss the water moccasin skeleton.
The water moccasin skeleton is severely damaged.
The water moccasin skeleton bites you!
* * * LOW HITPOINT WARNING * * *
You hit the water moccasin skeleton.
The water moccasin skeleton is almost destroyed.
The water moccasin skeleton bites you.
* * * LOW HITPOINT WARNING * * *
You hit the water moccasin skeleton.
The water moccasin skeleton is almost destroyed.
The water moccasin skeleton bites you.
* * * LOW HITPOINT WARNING * * *
The water moccasin skeleton completely misses you.
The water moccasin skeleton bites you.
You die...

.############.###..# #...#(#
........# #.###..##.###.#.#
.######.# #.#.............# .#
#.#####.#.##.##.###Z#.##### .#
#.#.....#.##.##.###.#...... .#
#.##.##.#.##.##.#...#...... .#
#.##.##.#.##.#........).$.. .#
#.##.####.##....#.#.#####.Z
.######.##.##..Z@.......#.# #..
.......<...##.#.....รท..##.#
...<.
#.#####.#####.####.....##.##.###.
#.#####.#####.######......## #.
........................>..# #.
#.###########.####.#.....### ##
#.###########.###.........# #
#.##........#.............#
#.##......................#


You could see a water moccasin skeleton.

Vanquished Creatures
  An ogre (D:2)
  An adder (D:2)
  A dart slug (D:1)
  4 endoplasms
  A giant cockroach (D:1)
  3 goblins
  4 hobgoblins
  6 jackals (D:1)
  6 kobolds
  2 ball pythons
  A bat (D:2)
  6 frilled lizards
  4 rats
40 creatures vanquished.

Vanquished Creatures (others)
  5 plants (D:2)
5 creatures vanquished.

Grand Total: 45 creatures vanquished

Notes
Turn   | Place    | Note
-------+----------+-------------------------------------------
     0 | D:1      | Glokmah the Demonspawn Ice Elementalist began the quest for
                  | the Orb.
     0 | D:1      | Reached XP level 1. HP: 13/13 MP: 3/3
   712 | D:1      | Gained mutation: You have a pair of small antennae on your
                  | head. [demonic ancestry]
   712 | D:1      | Reached XP level 2. HP: 20/20 MP: 5/5
   804 | D:1      | Reached skill level 4 in Ice Magic
  1017 | D:1      | Reached skill level 1 in Fighting
  1382 | D:1      | Reached XP level 3. HP: 9/26 MP: 1/6
  1596 | D:1      | Learned a level 3 spell: Frozen Ramparts
  1661 | D:2      | Noticed an ogre
  1671 | D:2      | Killed an ogre
  1672 | D:2      | Reached XP level 4. HP: 33/33 MP: 0/8
  1788 | D:2      | Learned a level 3 spell: Ozocubu's Armour
  1960 | D:2      | Found a faded altar of an unknown god.
  1970 | D:2      | Became a worshipper of Jiyva Jipajos the Shapeless
  1970 | D:2      | Reached * piety under Jiyva
  2511 | D:2      | Slain by a water moccasin skeleton

Illustrated notes

Levels and vault maps discovered:
D:1:      dpeg_arrival_lava_temple_mockup, layout_rooms
D:2:      layout_basic, chequers_ecumenical_altar_lobes, eino_tiny_chamber

Skill      XL: |  1  2  3  4 |
---------------+-------------+-----
Ice Magic      | 4 |  4.8
Fighting       | 1 2 |  2.1
Dodging        | |  1.7
Stealth        | |  1.7
Spellcasting   | |  2.9

Action                   |  1- 3 |  4- 6 || total
-------------------------+-------+-------++-------
Melee: Dagger            |    28 |    30 ||    58
       Unarmed           |     2 |       ||     2
Throw: Dart              |     8 |       ||     8
 Cast: Freeze            |    28 |    12 ||    40
       Frozen Ramparts   |     1 |     2 ||     3
 Stab: Sleeping          |     1 |     2 ||     3
Armor: Robe              |    12 |     5 ||    17
       Leather armour    |       |     3 ||     3
Dodge: Dodged            |    31 |    21 ||    52

Table legend: (Time is in decaauts)
 A = Elapsed time spent in this place.
 B = Non-inter-level travel time spent in this place.
 C = Inter-level travel time spent in this place.
 D = Time resting spent in this place.
 E = Time spent auto-exploring this place.
 F = Levels seen in this place.
 G = Mean time per level.
                   A        B        C        D        E       F      G
               +--------+--------+--------+--------+--------+-----+--------+
         Total |   2512 |   2484 |     28 |    931 |    992 |   2 | 1256.0 |
       Dungeon |   2512 |   2484 |     28 |    931 |    992 |   2 | 1256.0 |
               +--------+--------+--------+--------+--------+-----+--------+

Top non-repeatable levels by time:
     D:1: 1807 daAuts
     D:2: 704 daAuts
